 Dungeon Sprint DCSS version 0.31-a0-435-g2c6fae2916 (webtiles) character file.

Game seed: 7938307029737437212

18538 rocky1 the Brawler (level 12, -23/98 HPs)
             Began as a Demonspawn Shapeshifter on Aug 2, 2023.
             Was an Initiate of Gozag.
             Killed from afar by an ice dragon (50 damage)
             ... with a blast of cold
             ... in the Dungeon (Sprint IX: "|||||||||||||||||||||||||||||").
             The game lasted 00:13:57 (2455 turns).

rocky1 the Brawler (Demonspawn Shapeshifter)        Turns: 2455, Time: 00:13:58

Health: -23/98     AC: 21    Str: 18    XL:     12   Next: 28%
Magic:  12/12      EV: 12    Int: 12    God:    Gozag
Gold:   491        SH:  4    Dex: 14    Spells: 11/11 levels left

rFire   . .          .
                       - Unarmed
rCold   . . .        (shield currently unavailable)
rNeg    . . .        n - +1 chain mail
rPois   +            (helmet restricted)
rElec   .            G - +1 cloak {rCorr}
rCorr   +            (gloves currently unavailable)
SInv    .            t - +0 pair of boots
Will    .....        (no amulet)
Stlth   +            r - ring of poison resistance
HPRegen 0.36/turn    m - +2 ring of evasion
MPRegen 0.13/turn

%: no teleportation
@: mighty, blade hands, gold aura, studying Unarmed Combat
A: claws 2, horns 2, icemail 2, spiny 2, condensation shield
a: Begin Untransformation, Renounce Religion, Potion Petition, Call Merchant,
Bribe Branch


You were in the Dungeon.
You worshipped Gozag.
Gozag was aware of your devotion.
You had blades for hands.
You visited 1 branch You collected 8805 gold pieces.
You spent 4723 gold pieces at shops.
You paid 3591 gold pieces to Gozag.

Inventory:

Armour
 n - a +1 chain mail (worn)
 t - a +0 pair of boots (worn)
 x - a +0 cloak
 G - a +1 cloak of preservation (worn)
 H - a +1 helmet
 I - +0 swamp dragon scales
Jewellery
 m - a +2 ring of evasion (right blade hand)
 r - a ring of poison resistance (left blade hand)
 u - a ring of willpower
 w - a ring of see invisible
 y - a ring of ice
Talismans
 c - a beast talisman
 B - a blade talisman (active)
Wands
 k - a wand of roots (8)
 z - a wand of polymorph (6)
Scrolls
 e - 2 scrolls of revelation
 f - 3 scrolls of fear
 i - 4 scrolls of blinking
 j - 2 scrolls of amnesia
 o - 2 scrolls of enchant armour
 p - 5 scrolls of enchant weapon
 s - 2 scrolls of identify
 A - a scroll of summoning
 E - a scroll of poison
 F - a scroll of fog
Potions
 a - a potion of might
 b - a potion of lignification
 d - 7 potions of heal wounds
 g - 4 potions of magic
 h - 13 potions of curing
 l - a potion of resistance
 q - a potion of mutation
 v - a potion of invisibility
 C - a potion of berserk rage
Miscellaneous
 D - a lightning rod (4/4)


   Skills:
 + Level 10.3 Fighting
 - Level 10.2 Armour
 - Level 5.0 Dodging
 - Level 8.9 Stealth
 - Level 1.0 Shields
 + Level 19.6 Unarmed Combat
 - Level 1.8 Evocations
 * Level 14.1 Shapeshifting


You had 11 spell levels left.
You didn't know any spells.
Your spell library contained the following spells:

 Spells                   Type           Power      Damage    Failure   Level
 Stone Arrow              Conj/Erth      0%         3d7       100%        3
 Animate Armour           Summ/Erth      0%         N/A       100%        4
 Lehudib's Crystal Spear  Conj/Erth      0%         10d2      100%        8


Dungeon Overview and Level Annotations

Branches:
Dungeon (1/1)

Altars:
Cheibriados
Dithmenos
Fedhas
Gozag
Hepliaklqana
Kikubaaqudgha
Makhleb
Nemelex Xobeh
Okawaru
Qazlal
Ru
Sif Muna
Trog
Uskayaw
Vehumet
Wu Jian
Xom
Yredelemnul
Jiyva
Lugonu

Shops:
D !**[?:=


Innate Abilities, Weirdness & Mutations

You have blades for hands.
Your spellcasting is less reliable in this form.
You are incapable of wielding weapons or throwing items.
You have very sharp fingernails.
You have a pair of horns on your head.
A meltable icy envelope protects you from harm. (AC +8)
You are mostly covered in sharp spines.
A meltable shield of frost defends you. (SH +4)


Message History

Your headbutt misses the white ugly thing.
The white ugly thing is moderately wounded.
The tengu warrior is no longer distracted by gold.
The ice dragon is no longer distracted by gold.
The white ugly thing is struck by your spines.
The white ugly thing barely misses you.
You closely miss the white ugly thing. You headbutt the white ugly thing!
The white ugly thing is severely wounded.
You slice the white ugly thing!!
You kill the white ugly thing!
The deep troll earth mage is distracted by your dazzling golden aura.
The ice dragon breathes frost at you. The blast of cold misses you.
The deep troll earth mage shouts!
The ice dragon bites you but does no damage.
The ice dragon claws you but does no damage.
The ice dragon tramples you!
You stumble backwards!
You see here 117 gold pieces.
You shred the ice dragon!!!
You headbutt the ice dragon, but do no damage.
The ice dragon is moderately wounded.
The ice dragon breathes frost at you.
The blast of cold hits the ice dragon.
The ice dragon resists.
The blast of cold hits you!!
* * * LOW HITPOINT WARNING * * *
The ice dragon closely misses you. The ice dragon claws you.
* * * LOW HITPOINT WARNING * * *
The ice dragon tramples you but does no damage.
Unknown command.
You feel much better. The ice dragon closely misses you.
The ice dragon claws you but does no damage.
The ice dragon tramples you!
* * * LOW HITPOINT WARNING * * *
You stumble backwards!
The ice dragon breathes frost at you.
The blast of cold hits the ice dragon!
The ice dragon resists.
The blast of cold hits you!!!
Ouch! That really hurt!
You die...
Your body crumbles into a pile of gold.

'....[...'............'.........'
▓▓▓▓▓▓▓▓▓▓▓▓▓▓▓▓▓▓▓▓▓▓▓▓▓▓▓▓▓▓▓▓▓
............).................)..
▓▓▓▓▓▓▓▓▓▓▓▓▓▓▓▓▓▓▓▓▓▓▓▓▓▓▓▓▓▓▓▓▓
.....'.).[.∩.∩)∩)∩))))))∩....[[[[
▓▓▓▓▓▓▓▓▓▓▓▓▓▓▓▓▓▓▓▓▓▓▓▓▓▓▓▓▓▓▓▓▓
..∩!.............................
▓▓▓▓▓▓▓▓▓▓▓▓▓▓▓▓▓▓▓▓▓▓▓▓▓▓▓▓▓▓▓▓▓
.QyCT.D$D@$.$$'..........[
▓▓▓▓▓▓▓▓▓▓▓▓▓▓▓▓▓▓▓▓▓▓▓▓▓▓


You could see a frost giant, 2 ice dragons, a spark wasp and a deep troll earth
mage.

Vanquished Creatures
  3 centaur warriors (D)
  4 ogre magi (D)
  A boulder beetle (D)
  A catoblepas (D)
  5 two-headed ogres (D)
  2 orc knights (D)
  A manticore (D)
  An ugly thing (D)
  A cyclops (D)
  2 elephants (D)
  Joseph (D)
  4 cane toads (D)
  3 komodo dragons (D)
  Psyche (D)
  A polar bear (D)
  2 trolls (D)
  A blink frog (D)
  2 slime creatures (D)
  A yak (D)
  2 wyverns (D)
  2 basilisks (D)
  A vampire mosquito (D)
  A water moccasin (D)
  14 orc warriors (D)
  7 black bears (D)
  5 ogres (D)
  A wolf (D)
  2 kobold brigands (D)
  A bullfrog (D)
  A hound (D)
  4 orc priests (D)
  A sleepcap (D)
  5 orc wizards (D)
  2 adders (D)
  A worm (D)
  4 orcs (D)
  A hobgoblin (D)
  A ball python (D)
  A bat (D)
  2 rats (D)
96 creatures vanquished.

Vanquished Creatures (others)
  A yak (D)
1 creature vanquished.

Grand Total: 97 creatures vanquished

Notes
Turn   | Place    | Note
-------+----------+-------------------------------------------
     0 | D        | rocky1 the Demonspawn Shapeshifter began the quest for the
                  | Orb.
     0 | D        | Reached XP level 1. HP: 15/15 MP: 1/1
    14 | D        | Reached skill level 3 in Unarmed Combat
   136 | D        | Noticed a sleepcap
   136 | D        | Noticed a hound
   142 | D        | Gained mutation: You are partially covered in sharp spines.
                  | [demonic ancestry]
   142 | D        | Reached XP level 2. HP: 21/21 MP: 2/2
   144 | D        | Reached skill level 4 in Unarmed Combat
   144 | D        | Discovered your monstrous ancestry.
   144 | D        | Gained mutation: You have sharp fingernails. [demonic
                  | ancestry]
   144 | D        | Reached XP level 3. HP: 26/26 MP: 3/3
   148 | D        | Reached skill level 5 in Unarmed Combat
   148 | D        | Reached skill level 5 in Shapeshifting
   148 | D        | Reached XP level 4. HP: 30/32 MP: 4/4
   299 | D        | Found a snail-covered altar of Cheibriados.
   299 | D        | Found a shadowy altar of Dithmenos.
   299 | D        | Found a blossoming altar of Fedhas.
   299 | D        | Found an opulent altar of Gozag.
   300 | D        | Found a hazy altar of Hepliaklqana.
   301 | D        | Found a viscous altar of Jiyva.
   302 | D        | Found an ancient bone altar of Kikubaaqudgha.
   303 | D        | Found a corrupted altar of Lugonu.
   304 | D        | Found a burning altar of Makhleb.
   305 | D        | Found a sparkling altar of Nemelex Xobeh.
   306 | D        | Found an iron altar of Okawaru.
   307 | D        | Became a worshipper of Gozag Ym Sagoz the Greedy
   308 | D        | Found a stormy altar of Qazlal.
   309 | D        | Found a sacrificial altar of Ru.
   310 | D        | Found a shimmering blue altar of Sif Muna.
   311 | D        | Found a bloodstained altar of Trog.
   312 | D        | Found a hide-covered altar of Uskayaw.
   313 | D        | Found a radiant altar of Vehumet.
   314 | D        | Found an ornate altar of the Wu Jian Council.
   315 | D        | Found a shimmering altar of Xom.
   316 | D        | Found a basalt altar of Yredelemnul.
   470 | D        | Noticed a wyvern
   470 | D        | Noticed an orc warrior
   470 | D        | Noticed a yak
   470 | D        | Noticed a kobold brigand
   470 | D        | Noticed a kobold brigand
   470 | D        | Noticed an orc warrior
   474 | D        | Killed an orc warrior
   475 | D        | Reached skill level 1 in Stealth
   475 | D        | Reached skill level 6 in Unarmed Combat
   475 | D        | Gained mutation: You are mostly covered in sharp spines.
                  | [demonic ancestry]
   475 | D        | Reached XP level 5. HP: 30/38 MP: 5/5
   481 | D        | Reached skill level 7 in Unarmed Combat
   490 | D        | Reached skill level 1 in Armour
   490 | D        | Gained mutation: You have a pair of small horns on your
                  | head. [demonic ancestry]
   490 | D        | Reached XP level 6. HP: 44/44 MP: 6/6
   493 | D        | Killed a yak
   494 | D        | Reached skill level 8 in Unarmed Combat
   498 | D        | Killed an orc warrior
   500 | D        | Killed a wyvern
   501 | D        | Reached skill level 9 in Unarmed Combat
   501 | D        | Gained mutation: You have a pair of horns on your head.
                  | [demonic ancestry]
   501 | D        | Reached XP level 7. HP: 31/51 MP: 7/7
   536 | D        | Noticed a two-headed ogre
   536 | D        | Noticed a centaur warrior
   536 | D        | Noticed a troll
   536 | D        | Noticed a vampire mosquito
   536 | D        | Noticed a troll
   536 | D        | Noticed a slime creature
   542 | D        | Killed a slime creature
   546 | D        | Killed a troll
   547 | D        | Reached skill level 5 in Stealth
   547 | D        | Reached skill level 10 in Unarmed Combat
   552 | D        | Killed a vampire mosquito
   553 | D        | Gained mutation: You have very sharp fingernails. [demonic
                  | ancestry]
   553 | D        | Reached XP level 8. HP: 51/58 MP: 8/8
   555 | D        | Killed a troll
   561 | D        | Killed a centaur warrior
   562 | D        | Reached skill level 5 in Armour
   562 | D        | Reached skill level 11 in Unarmed Combat
   564 | D        | Killed a two-headed ogre
   565 | D        | Reached skill level 12 in Unarmed Combat
   565 | D        | Gained mutation: A meltable shield of frost defends you.
                  | (SH +4) [demonic ancestry]
   565 | D        | Reached XP level 9. HP: 39/65 MP: 9/9
   990 | D        | Noticed a cane toad
   990 | D        | Noticed a cane toad
   996 | D        | Killed a cane toad
  1239 | D        | Reached skill level 13 in Unarmed Combat
  1240 | D        | Noticed a cane toad
  1254 | D        | Killed a cane toad
  1263 | D        | Killed a cane toad
  1264 | D        | Reached skill level 14 in Unarmed Combat
  1264 | D        | Reached skill level 10 in Shapeshifting
  1264 | D        | Gained mutation: A meltable icy envelope protects you from
                  | harm. (AC +8) [demonic ancestry]
  1264 | D        | Reached XP level 10. HP: 65/72 MP: 10/10
  1498 | D        | Bought a ring of poison resistance for 240 gold pieces
  1510 | D        | Noticed an elephant
  1510 | D        | Noticed a cane toad
  1510 | D        | Noticed an elephant
  1517 | D        | Killed an elephant
  1518 | D        | Reached skill level 1 in Evocations
  1522 | D        | Noticed a boulder beetle
  1530 | D        | Reached skill level 5 in Dodging
  1532 | D        | Killed a cane toad
  1536 | D        | Killed an elephant
  1537 | D        | Reached skill level 15 in Unarmed Combat
  1546 | D        | Killed a boulder beetle
  1561 | D        | Reached skill level 10 in Armour
  1564 | D        | Reached skill level 16 in Unarmed Combat
  1569 | D        | Reached skill level 5 in Fighting
  1690 | D        | Noticed Psyche
  1695 | D        | Killed Psyche
  1696 | D        | Reached skill level 1 in Shields
  1696 | D        | Gained mutation: A meltable icy envelope protects you from
                  | harm. (AC +8) [demonic ancestry]
  1696 | D        | Reached XP level 11. HP: 79/79 MP: 11/11
  1710 | D        | Noticed Joseph
  1720 | D        | Killed Joseph
  2003 | D        | Bought a manual of Unarmed Combat for 1280 gold pieces
  2003 | D        | Found Dare's Magic Scroll Boutique.
  2003 | D        | Noticed an ogre mage
  2003 | D        | Noticed an ogre mage
  2003 | D        | Noticed a two-headed ogre
  2003 | D        | Noticed a two-headed ogre
  2003 | D        | Noticed a two-headed ogre
  2006 | D        | Killed a two-headed ogre
  2007 | D        | Reached skill level 17 in Unarmed Combat
  2011 | D        | Killed a two-headed ogre
  2012 | D        | Found Rinab's Antique Armour Shop.
  2015 | D        | Killed an ogre mage
  2018 | D        | Killed an ogre mage
  2019 | D        | Found Paushuno's Assorted Antiques.
  2020 | D        | Noticed an ogre mage
  2023 | D        | Killed a two-headed ogre
  2024 | D        | Found Hareageb's General Store.
  2027 | D        | Reached skill level 18 in Unarmed Combat
  2027 | D        | Paralysed by something for 5 turns
  2029 | D        | Noticed a two-headed ogre
  2034 | D        | Killed an ogre mage
  2041 | D        | Killed a two-headed ogre
  2045 | D        | Noticed an ogre mage
  2052 | D        | Killed an ogre mage
  2146 | D        | Bought a scroll of revelation for 90 gold pieces
  2148 | D        | Bought a cloak for 108 gold pieces
  2148 | D        | Bought an embroidered robe for 88 gold pieces
  2150 | D        | Bought a scroll of fear for 96 gold pieces
  2150 | D        | Bought a twisted bone wand for 96 gold pieces
  2150 | D        | Bought a scroll labelled ZYPPOA VUCLU for 24 gold pieces
  2150 | D        | Bought a scroll of revelation for 180 gold pieces
  2150 | D        | Bought a blade talisman for 960 gold pieces
  2150 | D        | Bought a potion of berserk rage for 120 gold pieces
  2150 | D        | Bought a lightning rod (4/4) for 720 gold pieces
  2152 | D        | Bought a potion of curing for 42 gold pieces
  2152 | D        | Bought a scroll of poison for 56 gold pieces
  2152 | D        | Bought a scroll of identify for 28 gold pieces
  2233 | D        | Bought a potion of might for 68 gold pieces
  2233 | D        | Bought a potion of curing for 51 gold pieces
  2233 | D        | Bought a potion of curing for 51 gold pieces
  2233 | D        | Bought a potion of curing for 51 gold pieces
  2233 | D        | Bought a potion of curing for 51 gold pieces
  2233 | D        | Bought a potion of resistance for 170 gold pieces
  2233 | D        | Bought a potion of degeneration for 17 gold pieces
  2233 | D        | Bought a potion of invisibility for 136 gold pieces
  2421 | D        | Noticed an orc knight
  2421 | D        | Noticed an orc knight
  2421 | D        | Noticed a catoblepas
  2421 | D        | Noticed a centaur warrior
  2421 | D        | Noticed a centaur warrior
  2424 | D        | Killed a centaur warrior
  2426 | D        | Killed a centaur warrior
  2427 | D        | Reached XP level 12. HP: 81/96 MP: 12/12
  2429 | D        | Killed a catoblepas
  2430 | D        | Reached skill level 19 in Unarmed Combat
  2434 | D        | Noticed an ice dragon
  2435 | D        | Noticed an ice dragon
  2439 | D        | Reached skill level 10 in Fighting
  2439 | D        | Noticed a deep troll earth mage
  2442 | D        | Noticed a frost giant
  2443 | D        | Noticed a tengu warrior
  2446 | D        | Noticed a spark wasp
  2455 | D        | Killed from afar by an ice dragon

Illustrated notes

Levels and vault maps discovered:
D:        linesprint [early_d, line_temple, items_1, d_10, items_2, lair_1,
          lair_end, items_3, orc_1, orc_end, items_4, d_15, swamp_1, shoals_1,
          snake_1, spider_1, d_20, vaults_1, items_5, swamp_end, shoals_end,
          snake_end, spider_end, vaults_end, d_27, items_6, zot_1, zot_end,
          crypt_end, forest_end, elf_end, slime_end, tomb_end, abyss_end,
          pan_hell_end]

Skill      XL: |  1  2  3  4  5  6  7  8  9 10 11 12 |
---------------+-------------------------------------+-----
Shapeshifting  | 3 4 5 6 7 8 9 10 13 14 | 14.1
Unarmed Combat | 3 4 5 6 7 9 10 12 14 16 18 19 | 19.6
Dodging        | 2 3 4 5 |  5.0
Stealth        | 1 3 4 5 6 7 8 |  8.9
Fighting       | 2 3 4 5 9 10 | 10.3
Armour         | 1 3 4 6 8 10 | 10.2
Evocations     | 1 |  1.8
Shields        | 1 |  1.0

Action                     |  1- 3 |  4- 6 |  7- 9 | 10-12 || total
---------------------------+-------+-------+-------+-------++-------
  Melee: Unarmed           |    18 |    30 |    49 |   171 ||   268
         Punch             |     3 |     2 |     3 |    17 ||    25
         Headbutt          |       |     3 |    14 |    35 ||    52
 Invoke: Potion Petition   |       |       |     1 |     2 ||     3
         Call Merchant     |       |       |       |     3 ||     3
  Evoke: Wand              |       |       |     2 |       ||     2
    Use: Potion            |     2 |     2 |     3 |     3 ||    10
         Scroll            |       |       |       |     1 ||     1
   Stab: Sleeping          |     1 |       |       |       ||     1
         Invisible         |       |     4 |       |    11 ||    15
         Distracted        |       |       |       |     4 ||     4
 Armour: Chain mail        |       |     3 |    14 |    38 ||    55
  Dodge: Dodged            |     7 |    10 |    15 |    43 ||    75
  Block: Other             |       |       |     1 |    21 ||    22
   Form: Blade             |       |       |       |     2 ||     2
         Beast             |       |       |       |     1 ||     1

Table legend: (Time is in decaauts)
 A = Elapsed time spent in this place.
 B = Non-inter-level travel time spent in this place.
 C = Inter-level travel time spent in this place.
 D = Time resting spent in this place.
 E = Time spent auto-exploring this place.
 F = Levels seen in this place.
 G = Mean time per level.
                   A        B        C        D        E       F      G
               +--------+--------+--------+--------+--------+-----+--------+
         Total |   2347 |   2347 |      0 |   1166 |      0 |   1 | 2347.0 |
       Dungeon |   2347 |   2347 |      0 |   1166 |      0 |   1 | 2347.0 |
               +--------+--------+--------+--------+--------+-----+--------+

Top non-repeatable levels by time:
       D: 2347 daAuts
